 Dungeon Crawl Stone Soup version 0.27.0-1-g7a089689b8 (webtiles) character file.

Game seed: 14348448832548725951

604 snetch the Magician (level 7, -2/46 HPs)
             Began as a Djinni Fire Elementalist on Aug 10, 2021.
             Slain by a killer bee (4 damage)
             ... on level 4 of the Dungeon.
             The game lasted 00:16:56 (6327 turns).

snetch the Magician (Djinni Fire Elementalist)      Turns: 6327, Time: 00:16:57

Health: -2/46      AC:  7    Str:  7    XL:     7   Next: 70%
Gold:   220        EV: 10    Int: 18    God:
                   SH:  5    Dex: 14

rFire    + + .     SeeInvis .   l - +2 falchion (distort)
rCold    x . .     Faith    .   (no shield)
rNeg     . . .     Spirit   .   y - +0 ring mail
rPois    ∞         Reflect  +   C - +0 helmet
rElec    .         Harm     .   J - +0 cloak
rCorr    .         Rampage  .   (no gloves)
Will     .....                  (boots unavailable)
Stlth    ++........             F - amulet of reflection
HPRegen  0.15/turn              (no ring)
MPRegen  0.00/turn              (no ring)

@: flying, very slightly contaminated
A: sickness immunity, fire resistance 2, cold vulnerability 1, float, innate
caster, hp casting, extra vitality 1
a: no special abilities


You were on level 4 of the Dungeon.
You visited 1 branch of the dungeon, and saw 5 of its levels.
You also visited: Sewer.

You collected 220 gold pieces.

Inventory:

Hand Weapons
 l - a +2 falchion of distortion (weapon)
 n - a +0 vorpal hand axe
 D - a +0 spear of flaming
 E - a +0 vorpal flail
Missiles
 a - 8 atropa-tipped darts
 b - 73 bolts
 g - 158 stones
 m - 46 arrows
 w - 17 sling bullets
 A - 4 javelins
Armour
 j - a +0 scale mail
 x - a +0 chain mail
 y - a +0 ring mail (worn)
 C - a +0 helmet (worn)
 J - a +0 cloak (worn)
Magical Staves
 c - a staff of cold
Jewellery
 F - an amulet of reflection (around neck)
 K - a ring of protection from fire
Scrolls
 d - 2 scrolls of blinking {unknown}
 e - 3 scrolls of enchant armour {unknown}
 k - a scroll of amnesia {unknown}
 r - 2 scrolls of magic mapping {unknown}
 t - 3 scrolls of fog {unknown}
 v - a scroll of torment {unknown}
 z - a scroll of teleportation {unknown}
 B - a scroll of identify {unknown}
 H - a scroll of vulnerability {unknown}
 I - a scroll of fear {unknown}
 L - a scroll of immolation {unknown}
Potions
 f - 2 potions of flight {unknown}
 h - 3 potions of lignification {unknown}
 o - 2 potions of invisibility {unknown}
 p - a potion of attraction {unknown}
 q - a potion of heal wounds {unknown}
 s - 2 potions of experience {unknown}
 u - a potion of resistance {unknown}
 G - a potion of berserk rage {unknown}


   Skills:
 + Level 0.7 Fighting
 + Level 0.7 Long Blades
 + Level 1.8 Armour
 + Level 3.4 Dodging
 + Level 2.7 Stealth
 + Level 0.1 Shields
 + Level 5.4 Spellcasting


You couldn't memorise any spells.
You knew the following spells:

 Your Spells              Type           Power      Damage    Failure   Level
a - Foxfire               Conj/Fire      96%        2x1d8     4%          1
b - Conjure Flame         Conj/Fire      24%        6-21      14%         3
c - Inner Flame           Hex/Fire       24%        N/A       14%         3
d - Sticky Flame          Conj/Fire      24%        2d5       41%         4
e - Fireball              Conj/Fire      12%        3d7       77%         5
f - Shock                 Conj/Air       96%        1d9       4%          1
g - Passwall              Tmut/Erth      20%        N/A       7%          2
h - Tukima's Dance        Hex            24%        N/A       14%         3
Your spell library was empty.

Dungeon Overview and Level Annotations

Branches:
Dungeon (5/15)              Sewer (visited)
 Temple: D:4-7

Altars:
Dithmenos

Shops:
D:3 ([[

Annotations:
D:3 3 runed translucent doors, wallyj24's ghost, amateur GnWn


Innate Abilities, Weirdness & Mutations

You are immune to sickness and miasma.
You are immune to poison.
Your flesh is very heat resistant. (rF++)
You are vulnerable to cold. (rC-)
You float through the air rather than walking.
You learn spells naturally, not from books.
Your magical power is your life essence.
You have superior vitality. (+4 HP)


Message History

Confirm with . or Enter, or press ? or * to list all spells.
Aiming: Shock (safe; 4% risk of failure)
Press: ? - help, Shift-Dir - straight line The zap misses the killer bee. x3
* * * LOW HITPOINT WARNING * * *
The killer bee stings you but does no damage.
The killer bee stings you.
* * * LOW HITPOINT WARNING * * *
Casting: Shock (safe; 4% risk of failure)
Confirm with . or Enter, or press ? or * to list all spells.
Aiming: Shock (safe; 4% risk of failure)
Press: ? - help, Shift-Dir - straight line The zap misses the killer bee. x2; The zap hits the killer bee.
The killer bee is almost dead.
* * * LOW HITPOINT WARNING * * *
The killer bee stings you but does no damage. x2
Casting: Shock (safe; 4% risk of failure)
Confirm with . or Enter, or press ? or * to list all spells.
Aiming: Shock (safe; 4% risk of failure)
Press: ? - help, Shift-Dir - straight line The zap misses the killer bee. x2; The zap hits the killer bee.
You kill the killer bee!
* * * LOW HITPOINT WARNING * * *
The killer bee stings you but does no damage.
The killer bee closely misses you.
You riposte.
You closely miss the killer bee.
The killer bee is heavily wounded.
Casting: Shock (safe; 4% risk of failure)
Confirm with . or Enter, or press ? or * to list all spells.
Aiming: Shock (safe; 4% risk of failure)
Press: ? - help, Shift-Dir - straight line The zap hits the killer bee.
The killer bee is heavily wounded.
The zap hits the killer bee.
You kill the killer bee!
* * * LOW HITPOINT WARNING * * *
The killer bee stings you.
* * * LOW HITPOINT WARNING * * *
The killer bee stings you.
You die...

#...#............###
#.#.#.>##.#.####...####
#.#....##...# ####....##
#.#...####[.# #....##..##
##.#...# #.####....###>..
#......# #!........#####.
#......###..####..........
#......##..# ##....##...#
#.......#@# ###........###
#.###.#.#y##.......>####
#. #.#.#.†..##.###.## #.
#.#.#.†.###. #..### ..
#.#.#.#.....####...###
#.#...###.............
.............?...........
.######..######<.##....#.
#..# ##.#####...


You could see a killer bee.

Vanquished Creatures
  A necrophage (D:3)
  4 killer bees (D:4)
  A jelly (D:5)
  An orc priest (D:5)
  A bullfrog skeleton (D:4)
  Jessica (D:2)
  Robin (D:3)
  11 adders
  A white imp (D:5)
  2 worms (D:2)
  2 dart slugs
  11 orcs
  2 bats
  5 endoplasms
  6 giant cockroaches
  9 goblins
  14 hobgoblins
  23 jackals
  7 quokkas
  9 ball pythons
  7 frilled lizards
  11 kobolds
  7 rats
137 creatures vanquished.

Vanquished Creatures (collateral kills)
  10 foxfires (Sewer)
10 creatures vanquished.

Vanquished Creatures (others)
  441 foxfires
  11 plants (Sewer)
452 creatures vanquished.

Grand Total: 599 creatures vanquished

Notes
Turn   | Place    | Note
-------+----------+-------------------------------------------
     0 | D:1      | snetch the Djinni Fire Elementalist began the quest for the
                  | Orb.
     0 | D:1      | Reached XP level 1. HP: 15/15 MP: 0/0
   131 | D:1      | Reached XP level 2. HP: 10/21 MP: 0/0
   153 | D:2      | Noticed Jessica
   161 | D:2      | Killed Jessica
   162 | D:2      | Reached skill level 3 in Spellcasting
   162 | D:2      | Reached XP level 3. HP: 9/25 MP: 0/0
   162 | D:2      | Learned a level 1 spell: Shock
   819 | D:1      | Reached XP level 4. HP: 20/31 MP: 0/0
  2114 | D:3      | Found Pafu's Armour Boutique.
  2123 | D:3      | Found Rapp's Antique Armour Boutique.
  2188 | D:3      | Found a runed translucent gate.
  2192 | D:3      | Found a runed translucent gate.
  2192 | D:3      | Noticed wallyj24's ghost (amateur GnWn)
  2193 | D:3      | Found a runed translucent gate.
  2261 | D:3      | Found a glowing drain.
  2278 | Sewer    | Entered a sewer
  2299 | Sewer    | Reached XP level 5. HP: 32/35 MP: 0/0
  2299 | Sewer    | Learned a level 2 spell: Passwall
  2682 | Sewer    | Reached skill level 4 in Spellcasting
  3771 | D:2      | Reached XP level 6. HP: 26/41 MP: 0/0
  4770 | D:3      | Noticed a necrophage
  4780 | D:3      | Killed a necrophage
  5132 | D:3      | Noticed Robin
  5139 | D:3      | Killed Robin
  5364 | D:3      | Found Anef Bed's Weapon Shoppe.
  5712 | D:4      | Reached XP level 7. HP: 40/46 MP: 0/0
  5712 | D:4      | Learned a level 3 spell: Tukima's Dance
  5931 | D:5      | Entered Level 5 of the Dungeon
  5936 | D:5      | Reached skill level 5 in Spellcasting
  5940 | D:5      | Reached skill level 1 in Armour
  6024 | D:5      | Found a shadowy altar of Dithmenos.
  6321 | D:4      | HP: 1/46 [killer bee (4)]
  6327 | D:4      | HP: 2/46 [killer bee (1)]
  6327 | D:4      | Slain by a killer bee

Illustrated notes

Levels and vault maps discovered:
D:1:      lightli_arrival_maybe_door_vault, layout_basic, minmay_vboxes
D:2:      layout_basic, kennysheep_cross_bottleneck, minmay_pentomino_z4,
          uniq_jessica
D:3:      layout_basic, gammafunk_ghost_split, gup_sewer_entry_bowl,
          serial_shops, shop, nicolae_shop_waterfront, shop, uniq_robin
D:4:      layout_rooms, nrook_uturn
D:5:      layout_cave_pools, mainiacjoe_overflow_tiny_flanked, temple_doors_e,
          kennysheep_minor_cross

Skill      XL: |  1  2  3  4  5  6  7 |
---------------+----------------------+-----
Spellcasting   | 3 4 5 |  5.4
Stealth        | 2 |  2.7
Dodging        | 3 |  3.4
Armour         | 1 |  1.8
Fighting       | |  0.7
Long Blades    | |  0.7
Shields        | |  0.1

Action                   |  1- 3 |  4- 6 |  7- 9 || total
-------------------------+-------+-------+-------++-------
Melee: Unarmed           |     2 |       |       ||     2
       Falchion          |       |     9 |       ||     9
 Cast: Foxfire           |    34 |   189 |    44 ||   267
       Shock             |       |    16 |    15 ||    31
       Passwall          |       |     2 |       ||     2
  Use: Potion            |       |       |     4 ||     4
 Stab: Sleeping          |       |     1 |       ||     1
Armor: Robe              |     2 |       |       ||     2
       Ring mail         |       |     2 |     9 ||    11
Dodge: Dodged            |     8 |    22 |    17 ||    47
Block: Other             |       |       |     3 ||     3
       Rpst.: Falchion   |       |     8 |     8 ||    16
